 Dungeon Crawl Stone Soup version 0.21.1-1-g345015f (webtiles) character file.

72 asishallab the Charmwright (level 4, -2/38 HPs)
             Began as a Gnoll Skald on July 24, 2018.
             Slain by Sigmund
             ... wielding a +2 scythe of slicing
              (8 damage)
             ... on level 2 of the Dungeon.
             The game lasted 00:05:35 (1900 turns).

asishallab the Charmwright (Gnoll Skald)            Turns: 1900, Time: 00:05:36

Health: -2/38      AC:  7    Str: 14    XL:     4   Next: 25%
Magic:  8/11       EV: 11    Int: 15    God:
Gold:   68         SH:  0    Dex: 15    Spells: 10/13 levels left

rFire    . . .     SeeInvis .   a - +0 hand axe
rCold    . . .     Gourm    .   (no shield)
rNeg     . . .     Faith    .   s - +1 scale mail
rPois    .         Spirit   .   (no helmet)
rElec    .         Reflect  .   (no cloak)
rCorr    .         Harm     .   (no gloves)
MR       .....                  (no boots)
Stlth    ..........             (no amulet)
HPRegen  0.12/turn              (no ring)
MPRegen  0.12/turn              (no ring)

@: infused
A: distributed training, fangs 1, strong nose
a: no special abilities


You were on level 2 of the Dungeon.
You were not hungry.

You visited 1 branch of the dungeon, and saw 2 of its levels.

You collected 68 gold pieces.

Inventory:

Hand Weapons
 a - a +0 hand axe (weapon)
 h - a +0 hunting sling
 r - a +0 mace
Missiles
 i - 103 stones (quivered)
Armour
 b - a +0 leather armour
 e - a +0 ring mail
 s - a +1 scale mail (worn)
Wands
 o - a wand of polymorph (17)
Scrolls
 k - a scroll of teleportation
Potions
 g - 2 potions of agility
Books
 c - a book of Battle

   Spells                             Type                      Level
   a - Infusion                       Charms                       1
   b - Shroud of Golubria             Charms/Translocation         2
   c - Song of Slaying                Charms                       2
   d - Spectral Weapon                Hexes/Charms                 3
   e - Regeneration                   Charms/Necromancy            3
Comestibles
 d - a ration
 f - a chunk of flesh


   Skills:
 + Level 4.6 Fighting
 + Level 1.0 Short Blades
 + Level 1.0 Long Blades
 + Level 4.6 Axes
 + Level 1.0 Maces & Flails
 + Level 1.0 Polearms
 + Level 1.0 Staves
 + Level 1.0 Slings
 + Level 1.0 Bows
 + Level 1.0 Crossbows
 + Level 1.0 Throwing
 + Level 2.7 Armour
 + Level 4.6 Dodging
 + Level 1.0 Stealth
 + Level 1.0 Shields
 + Level 1.0 Unarmed Combat
 + Level 5.0 Spellcasting
 + Level 0.8 Conjurations
 + Level 0.8 Hexes
 + Level 5.4 Charms
 + Level 0.8 Summonings
 + Level 0.8 Necromancy
 + Level 0.8 Translocations
 + Level 0.8 Transmutations
 + Level 0.8 Fire Magic
 + Level 0.8 Ice Magic
 + Level 0.8 Air Magic
 + Level 0.8 Earth Magic
 + Level 0.8 Poison Magic
 + Level 1.1 Invocations
 + Level 1.0 Evocations


You had 10 spell levels left.
You knew the following spells:

 Your Spells              Type           Power        Failure   Level  Hunger
a - Infusion              Chrm           ###.         7%          1    None
b - Song of Slaying       Chrm           ###.....     11%         2    ##.....


Dungeon Overview and Level Annotations

Branches:
Dungeon (2/15)

Altars:
Elyvilon

Annotations:
D:2 Sigmund


Innate Abilities, Weirdness & Mutations

Your experience applies equally to all skills.
You have very sharp teeth.
Your uncanny sense of smell can sniff out nearby items.


Message History

Press: ? - help, Shift-Dir - straight line You shoot a stone.
Firing (i - inventory):
i - 104 stones (quivered)
Press: ? - help, Shift-Dir - straight line You shoot a stone.
A puff of flame appears from out of thin air!
The puff of flame hits you!
Wield which item (- for none, * to show all)? (? for menu, Esc to quit)
a - a +0 hand axe (weapon)
Casting: Infusion
Confirm with . or Enter, or press ? or * to list all spells.
You begin infusing your attacks with magical energy.
A magic dart appears from out of thin air!
The magic dart hits you! Something hits you!
You hit something! You closely miss something. Something hits you!
* * * LOW HITPOINT WARNING * * *
x2 You hit something!
Something hits you!
You die...

#.###.###.#
#.#
#.........#
#.#
###########
#.# #.# #.#
#.# #)# #.#
#@# #.# #.#
#(# #.# #(#
#.# #.# #.#


There were no monsters in sight!

Vanquished Creatures
  Terence (D:2)
  An adder (D:2)
  An ooze (D:2)
  3 dart slugs (D:1)
  A leopard gecko (D:1)
  8 hobgoblins
  A ball python (D:2)
  2 bats (D:1)
  2 frilled lizards
  3 goblins
  4 kobolds
  3 rats (D:1)
30 creatures vanquished.

Notes
Turn   | Place    | Note
-------+----------+-------------------------------------------
     0 | D:1      | asishallab the Gnoll Skald began the quest for the Orb.
     0 | D:1      | Reached XP level 1. HP: 20/20 MP: 6/6
   229 | D:1      | Reached XP level 2. HP: 19/26 MP: 7/7
   737 | D:1      | Reached XP level 3. HP: 28/31 MP: 9/9
  1016 | D:2      | Reached skill level 5 in Spellcasting
  1065 | D:2      | Found a white marble altar of Elyvilon.
  1196 | D:2      | Reached skill level 1 in Invocations
  1239 | D:2      | Noticed Terence
  1256 | D:2      | Killed Terence
  1256 | D:2      | Reached skill level 1 in Short Blades
  1256 | D:2      | Reached skill level 1 in Long Blades
  1256 | D:2      | Reached skill level 1 in Maces & Flails
  1256 | D:2      | Reached skill level 1 in Polearms
  1256 | D:2      | Reached skill level 1 in Staves
  1256 | D:2      | Reached skill level 1 in Slings
  1256 | D:2      | Reached skill level 1 in Bows
  1256 | D:2      | Reached skill level 1 in Crossbows
  1256 | D:2      | Reached skill level 1 in Throwing
  1256 | D:2      | Reached skill level 1 in Stealth
  1256 | D:2      | Reached skill level 1 in Shields
  1256 | D:2      | Reached skill level 1 in Unarmed Combat
  1256 | D:2      | Reached skill level 1 in Evocations
  1256 | D:2      | Reached XP level 4. HP: 11/38 MP: 6/11
  1612 | D:2      | Learned a level 2 spell: Song of Slaying
  1877 | D:2      | Noticed Sigmund
  1900 | D:2      | Slain by Sigmund

Skill      XL: |  1  2  3 |
---------------+----------+-----
Spellcasting   | 5 |  5.0
Invocations    | 1 |  1.1
Short Blades   | 1 |  1.0
Long Blades    | 1 |  1.0
Maces & Flails | 1 |  1.0
Polearms       | 1 |  1.0
Staves         | 1 |  1.0
Slings         | 1 |  1.0
Bows           | 1 |  1.0
Crossbows      | 1 |  1.0
Throwing       | 1 |  1.0
Stealth        | 1 |  1.0
Shields        | 1 |  1.0
Unarmed Combat | 1 |  1.0
Evocations     | 1 |  1.0
Fighting       | |  4.6
Axes           | |  4.6
Armour         | |  2.7
Dodging        | |  4.6
Conjurations   | |  0.8
Hexes          | |  0.8
Charms         | |  5.4
Summonings     | |  0.8
Necromancy     | |  0.8
Translocations | |  0.8
Transmutations | |  0.8
Fire Magic     | |  0.8
Ice Magic      | |  0.8
Air Magic      | |  0.8
Earth Magic    | |  0.8
Poison Magic   | |  0.8

Action                   |  1- 3 |  4- 6 || total
-------------------------+-------+-------++-------
Melee: Hand axe          |   109 |    10 ||   119
       Bite              |    11 |       ||    11
 Fire: Hunting sling     |       |     2 ||     2
Throw: Stone             |     1 |       ||     1
 Cast: Infusion          |     1 |     1 ||     2
  Use: Scroll            |       |     5 ||     5
       Potion            |       |     3 ||     3
  Eat: Chunk             |     1 |     1 ||     2
       Ration            |       |     1 ||     1
Armor: Ring mail         |    31 |       ||    31
       Scale mail        |       |     7 ||     7
Dodge: Dodged            |    67 |     3 ||    70
